 Dungeon Crawl Stone Soup version 0.31-a0-692-gf03d1854d5 (webtiles) character file.

Game seed: 3003580239982142191

114865 qw the Marksgargoyle (level 16, -10/105 HPs)
             Began as a Gargoyle Hunter on Sept 6, 2023.
             Was a High Priest of Okawaru.
             Mangled by a meliai simulacrum (13 damage)
             ... on level 14 of the Dungeon.
             The game lasted 00:09:23 (18881 turns).

qw the Marksgargoyle (Gargoyle Hunter)             Turns: 18881, Time: 00:09:24

Health: -10/105    AC: 26    Str: 25    XL:     16   Next: 67%
Magic:  17/21      EV: 24    Int:  5    God:    Okawaru [*****.]
Gold:   1872       SH:  5    Dex: 23    Spells: 15/15 levels left

rFire   . . .        b - +8 hand cannon (heavy)
rCold   . . .        (no shield)
rNeg    + + .        s - +1 steam dragon scales of Surprise {Int-4 Dex+4}
rPois   inf          h - +1 helmet
rElec   +            r - +2 ratskin cloak {*Rats rPois rN+ Str-1 Int-1 Dex+1}
rCorr   .            j - +0 pair of gloves
SInv    .            o - +0 pair of boots
Will    +....        c - amulet of reflection
Stlth   ++++         u - +6 ring of strength
HPRegen 0.37/turn    (no ring)
MPRegen 0.17/turn

%: reflection, clarity
@: heroic, finesse-ful, corroded, flying, slowed, very slow
A: sickness immunity, AC +12, big wings, negative energy resistance 1,
electricity resistance, torment resistance 1, petrification resistance, clarity,
low MP 1, strong 1
a: Renounce Religion, Heroism, Finesse, Duel


You were on level 14 of the Dungeon.
You worshipped Okawaru.
Okawaru was extremely pleased with you.
You visited 3 branches of the dungeon, and saw 20 of its levels.

You collected 1872 gold pieces.


Innate Abilities, Weirdness & Mutations

You are immune to sickness and miasma.
Your stone body is resilient. (AC +12)
You are immune to poison.
Your large and strong wings let you fly.
You resist negative energy. (rN+)
You are resistant to electric shocks. (rElec)
You are resistant to unholy torment.
You are immune to petrification.
You possess an exceptional clarity of mind.
Your magical capacity is low. (-10% MP)
Your muscles are strong. (Str +4, Int/Dex -1)


   Skills:
 + Level 13.8(18.8) Fighting
 - Level 20.2(25.2) Ranged Weapons
 - Level 8.1(13.1) Armour
 - Level 9.0(14.0) Dodging
 - Level 1.1(6.1) Stealth
 - Level 10.0 Invocations


You had 15 spell levels left.
You didn't know any spells.
Your spell library was empty.

Inventory:

Hand Weapons
 b - a +8 heavy hand cannon (weapon)
Armour
 d - the scarf "Gianoat" {+Inv, rF+}
   (Okawaru gifted it to you on level 13 of the Dungeon)

   rF+:       It protects you from fire.
 h - a +1 helmet (worn)
 j - a +0 pair of gloves (worn)
 o - a +0 pair of boots (worn)
 r - the +2 ratskin cloak (worn) {*Rats rPois rN+ Str-1 Int-1 Dex+1}
   (You found it on level 7 of the Dungeon)

   *Rats:     When the wearer is hurt, rats may emerge from it to assist them.
   Str-1:     It affects your strength (-1).
   Int-1:     It affects your intelligence (-1).
   Dex+1:     It affects your dexterity (+1).
   rPois:     It protects you from poison rN+: It protects you from negative
   energy.
 s - the +1 steam dragon scales of Surprise (worn) {Int-4 Dex+4}
   (Okawaru gifted it to you on level 4 of the Lair of Beasts)

   Int-4:     It affects your intelligence (-4).
   Dex+4:     It affects your dexterity (+4).
Jewellery
 c - an amulet of reflection (around neck)
 u - a +6 ring of strength (left hand)
Wands
 m - a wand of digging (5)
Scrolls
 g - 7 scrolls of identify
 l - a scroll of brand weapon
 w - 6 scrolls of teleportation
Potions
 a - 4 potions of cancellation
 e - a potion of heal wounds
 f - 8 potions of curing
 i - a potion of might
 k - 3 potions of magic
 n - 3 potions of mutation
 q - a potion of enlightenment
 t - 2 potions of resistance
 v - 2 potions of haste

Dungeon Overview and Level Annotations

Branches:
Dungeon (14/15)            Temple (1/1) D:6            Lair (5/5) D:8
 Shoals (0/4) Lair:2       Spider (0/4) Lair:2        Slime (0/5) Lair:4
    Orc (0/2) D:9          Vaults (0/5) D:13

Altars:
Ashenzari
Cheibriados
Dithmenos
Elyvilon
Fedhas
Gozag
Hepliaklqana
Kikubaaqudgha
Makhleb
Nemelex Xobeh
Okawaru
Qazlal
Ru
Sif Muna
Trog
Uskayaw
Vehumet
Wu Jian
Xom
Yredelemnul
Zin
The Shining One
Jiyva

Shops:
D:7 =

Annotations:
D:2 1 runed translucent door, Crazy Yiuf
D:8 4 runed translucent doors
D:9 1 runed translucent door, qw's ghost, novice GrFi


Message History

Enter note:
18878 ||| Stepping ~*~*~tactically~*~*~ (retreating).
A meliai simulacrum comes into view.
The howler monkey hoots and howls with incredible vigour!
The deep elf sorcerer hits you but does no damage.
The cyclops barely misses you.
The deep elf sorcerer casts a spell.
The deep elf sorcerer seems to speed up.
The large slime creature hits you but does no damage.
Things that are here:
a +0 troll leather armour; a troll corpse
18879 |||
Found retreat position at 5,2 (floor) with 0 blocking monsters and 1 monsters attacking at destination at distance 5
Enter note:
Enter note:
18879 ||| Stepping ~*~*~tactically~*~*~ (retreating).
The meliai simulacrum closely misses you.
The meliai simulacrum misses you.
The howler monkey hoots and howls with incredible vigour!
The large slime creature attacks as it pursues you!
The large slime creature completely misses you.
You block the meliai simulacrum's attack.
The meliai simulacrum completely misses you.
Enter note:
Enter note:
18880 |||
Found retreat position at 4,3 (floor) with 0 blocking monsters and 1 monsters attacking at destination at distance 4
18880 ||| Stepping ~*~*~tactically~*~*~ (retreating).
The meliai simulacrum attacks as it pursues you!
The meliai simulacrum barely misses you.
The meliai simulacrum completely misses you.
Enter note:
Enter note:
18881 |||
Found retreat position at 3,2 (floor) with 0 blocking monsters and 1 monsters attacking at destination at distance 3
18881 ||| Stepping ~*~*~tactically~*~*~ (retreating).
The deep elf sorcerer points at you and mumbles some strange words.
The bolt of acid misses you.
The deep elf sorcerer gestures at you while chanting.
The bolt of acid hits you!! The acid corrodes you!
The meliai simulacrum completely misses you.
The meliai simulacrum hits you. The meliai simulacrum freezes you!
You die...

......#.#.#...##..#.....###..
#.##....####.....#...##...... #
#.# #... ##....###.## ##.... .#
#H####..###....###..# ##....#
..###D.###...##....###.####.....#
...h.........#.........###..#...#
###...####....C..#####..#..###...
##..D## #.JeZ.# ##...## #...
##..##.## ##[#.@## ##.## ##..#
...###H.####c###..######.## #...#
..####....h)## ###........###...#
#.###...#.hH# #..###..##.......
##......>...# #.## ##.#####...#
##....####.# #.####..# #...#
#.#### #### ##.......# ##..# ###
#..###.######.# #...# ###...##
#...# #..#.


You could see a deep elf sorcerer (fast), a large slime creature, a cyclops and
a meliai simulacrum.

Vanquished Creatures
  A lich (D:14)
  An ironbound preserver (D:13)
  Nessos (Lair:4)
  11 hydras
  3 centaur warriors
  A tengu warrior (D:13)
  7 two-headed ogres
  4 boulder beetles
  3 catoblepae
  14 death yaks
  A merfolk avatar (Lair:5)
  2 demonic crawlers (D:12)
  Sonja (Lair:2)
  A fire crab (Lair:4)
  4 skysharks
  Amaemon (Lair:3)
  A sea snake (Lair:5)
  A glowing orange brain (D:13)
  2 lindwurms
  A harpy (Lair:5)
  A deep elf pyromancer (D:12)
  2 ugly things
  A salamander (shapeshifter) (D:14)
  13 black mambas
  5 elephants
  A manticore (Lair:5)
  An orange demon (Lair:3)
  17 cane toads
  A gargoyle (D:11)
  Maggie (D:9)
  A torpor snail (Lair:4)
  Jeremiah (Lair:1)
  An unseen horror (D:12)
  12 komodo dragons
  8 rime drakes
  An efreet (D:13)
  4 trolls
  4 polar bears
  A merfolk (Lair:2)
  A snapping turtle (Lair:5)
  2 hornets
  8 blink frogs
  2 dream sheep (Lair:4)
  12 slime creatures
  2 vampires
  A wraith (D:11)
  57 yaks
  11 wyverns
  4 basilisks (Lair:4)
  4 steam dragons
  4 vampire mosquitoes
  A redback (Lair:2)
  An unseen horror simulacrum (D:9)
  2 acid dragons
  2 wargs (D:8)
  Edmund (D:5)
  2 hell hounds (D:12)
  19 water moccasins
  4 orc warriors
  5 ice beasts
  A swamp drake (D:9)
  A sky beast (D:8)
  A black bear (Lair:4)
  8 centaurs
  21 wolves
  2 ogres
  Blork the orc (D:6)
  A kobold brigand (D:8)
  A gnoll sergeant (D:9)
  14 bullfrogs
  8 scorpions
  2 wights (D:8)
  6 killer bees (D:8)
  7 howler monkeys
  4 electric eels
  8 hounds
  A jelly (D:4)
  4 orc priests
  3 gnoll boudas
  7 hell rats
  4 iguanas
  5 sleepcaps
  Ijyb (D:3)
  11 orc wizards
  Robin (D:2)
  20 gnolls
  23 river rats
  11 adders
  A shadow imp (D:8)
  2 white imps (D:9)
  A howler monkey simulacrum (D:9)
  3 ufetubi
  3 worms
  A dart slug (D:3)
  26 orcs
  9 ball pythons
  4 endoplasms
  9 giant cockroaches
  22 goblins
  9 hobgoblins
  12 jackals
  2 quokkas (D:1)
  7 bats
  3 kobolds
  11 rats
584 creatures vanquished.

Notes
Turn   | Place    | Note
-------+----------+-------------------------------------------
     0 | D:1      | qw the Gargoyle Hunter began the quest for the Orb.
     0 | D:1      | Reached XP level 1. HP: 12/12 MP: 1/1
     0 | D:1      | 0 ||| qw: Version: 0.3-a-76-g4403597
     0 | D:1      | 0 ||| qw: Game counter: 49
     0 | D:1      | 0 ||| qw: Melee chars always use a shield: true
     0 | D:1      | 0 ||| qw: God list: Okawaru
     0 | D:1      | 0 ||| qw: Allow faded altars: false
     0 | D:1      | 0 ||| qw: Do Orc after clearing Dungeon:15 true
     0 | D:1      | 0 ||| qw: Do second Lair branch before Depths: true
     0 | D:1      | 0 ||| qw: Lair rune preference: random
     0 | D:1      | 0 ||| qw: Goals: Normal
     0 | D:1      | 0 ||| PLANNING D:1-11
   180 | D:1      | Reached XP level 2. HP: 16/17 MP: 2/2
   559 | D:1      | 559 ||| UPGRADING to +0 ring mail.
   569 | D:1      | 569 ||| DROPPING +0 leather armour.
   570 | D:1      | 570 ||| UPGRADING to +0 cloak.
   575 | D:1      | 575 ||| READING scroll labelled XIZ HOITUC.
   576 | D:1      | 576 ||| READING scroll labelled PONTACKIEMO.
   577 | D:1      | 577 ||| DRINKING 2 inky potions.
   578 | D:1      | 578 ||| DRINKING 2 orange potions.
   579 | D:1      | 579 ||| DROPPING scroll of butterflies.
   650 | D:2      | Reached skill level 1 in Armour
   650 | D:2      | Reached XP level 3. HP: 17/21 MP: 3/3
   795 | D:2      | Noticed Robin
   804 | D:2      | Reached skill level 5 in Ranged Weapons
   806 | D:2      | Killed Robin
   814 | D:2      | 814 ||| SWAPPING to +2 heavy sling.
   815 | D:2      | 815 ||| DROPPING +0 shortbow.
   830 | D:2      | Reached skill level 3 in Fighting
   830 | D:2      | Reached XP level 4. HP: 28/28 MP: 4/4
  1499 | D:2      | Found a runed translucent door.
  1500 | D:2      | Noticed Crazy Yiuf
  1503 | D:2      | 1503 ||| UPGRADING to +0 helmet.
  1508 | D:2      | 1508 ||| READING 2 scrolls labelled UGHACUH SURELO.
  1509 | D:2      | 1509 ||| READING scroll labelled XUNTIOFONO.
  1570 | D:2      | 1570 ||| READING 2 scrolls labelled RATIAR ERGHU.
  1571 | D:2      | 1571 ||| DROPPING scroll of noise.
  1663 | D:3      | Reached XP level 5. HP: 32/32 MP: 5/5
  1784 | D:3      | Noticed Ijyb
  1786 | D:3      | Paralysed by Ijyb for 3 turns
  1791 | D:3      | Paralysed by Ijyb for 4 turns
  1797 | D:3      | Paralysed by Ijyb for 4 turns
  1801 | D:3      | Killed Ijyb
  1852 | D:3      | Reached skill level 6 in Ranged Weapons
  2194 | D:3      | 2194 ||| UPGRADING to +0 pair of gloves.
  2199 | D:3      | 2199 ||| READING scroll labelled ONWINA TUMEZU.
  2200 | D:3      | 2200 ||| DRINKING 2 sapphire potions.
  2201 | D:3      | 2201 ||| DROPPING potion of degeneration.
  2242 | D:4      | Noticed an ogre
  2243 | D:4      | 2243 ||| RETREATING.
  2248 | D:4      | 2248 ||| Stepping ~*~*~tactically~*~*~ (retreating).
  2249 | D:4      | HP: 8/32 [ogre/+0 giant club (18)]
  2250 | D:4      | Reached XP level 6. HP: 9/37 MP: 6/6
  2250 | D:4      | 2250 ||| DRINKING potion of heal wounds.
  2616 | D:4      | Reached XP level 7. HP: 43/43 MP: 7/7
  2662 | D:4      | Reached skill level 7 in Ranged Weapons
  3058 | D:4      | 3058 ||| READING scroll labelled RIUTHOATUT.
  3059 | D:4      | 3059 ||| READING scroll labelled URIGUR XOCW.
  3097 | D:5      | Entered Level 5 of the Dungeon
  3242 | D:5      | Reached skill level 8 in Ranged Weapons
  3421 | D:5      | 3421 ||| RETREATING.
  3688 | D:5      | Noticed Edmund
  3709 | D:5      | HP: 7/44 [Edmund/+0 flail of protection (6)]
  3710 | D:5      | 3710 ||| READING 2 scrolls of teleportation.
  3711 | D:5      | 3711 ||| DRINKING 3 potions of heal wounds.
  3713 | D:5      | Killed Edmund
  3714 | D:5      | Reached XP level 8. HP: 35/49 MP: 8/8
  3992 | D:5      | 3992 ||| UPGRADING to +0 leather armour of willpower.
  4002 | D:5      | 4002 ||| READING scroll labelled FOTWONN HUMO.
  4003 | D:5      | 4003 ||| READING 2 scrolls of identify.
  4003 | D:5      | 4003 ||| IDENTIFYING lumpy brown potion
  4004 | D:5      | 4004 ||| DROPPING potion of attraction.
  4030 | D:6      | 4030 ||| STAIRDANCE
  4048 | D:6      | 4048 ||| STAIRDANCE
  4060 | D:6      | Reached skill level 9 in Ranged Weapons
  4102 | D:6      | Reached skill level 6 in Fighting
  4122 | D:6      | Noticed Blork the orc
  4133 | D:6      | Killed Blork the orc
  4213 | D:6      | Found a bloodstained altar of Trog.
  4274 | D:6      | Found a staircase to the Ecumenical Temple.
  4275 | D:6      | 4275 ||| PLANNING TEMPLE
  4275 | D:6      | 4275 ||| UPGRADING to +0 pair of boots.
  4280 | D:6      | 4280 ||| READING scroll labelled SAKOOPU RANTE.
  4281 | D:6      | 4281 ||| READING 2 scrolls of identify.
  4281 | D:6      | 4281 ||| IDENTIFYING viscous silvery potion
  4327 | Temple   | Found a transporter.
  4327 | Temple   | Found a transporter.
  4327 | Temple   | Found a transporter.
  4327 | Temple   | Found a transporter.
  4327 | Temple   | Entered the Ecumenical Temple
  4328 | Temple   | 4328 ||| PLANNING D:1-11
  4348 | Temple   | 4348 ||| PLANNING OKAWARU WORSHIP
  4352 | Temple   | Became a worshipper of Warmaster Okawaru
  4353 | Temple   | 4353 ||| PLANNING D:1-11
  4916 | D:7      | Reached XP level 9. HP: 55/55 MP: 9/9
  4943 | D:7      | Reached skill level 10 in Ranged Weapons
  4958 | D:7      | Reached skill level 3 in Dodging
  4958 | D:7      | HP: 12/55 [hell rat (6)]
  4959 | D:7      | Reached skill level 3 in Armour
  4959 | D:7      | 4959 ||| READING 2 scrolls of teleportation.
  4960 | D:7      | 4960 ||| DRINKING 2 potions of heal wounds.
  5096 | D:7      | Found Goeme's Jewellery Shoppe.
  5099 | D:7      | 5099 ||| SHOPLISTING +6 ring of dexterity (432 gold, have
                  | 287).
  5099 | D:7      | 5099 ||| SHOPLISTING amulet of Ylatzafy {Acrobat rElec
                  | rCorr} (595 gold, have 287).
  5099 | D:7      | 5099 ||| SHOPLISTING amulet of the acrobat (360 gold, have
                  | 287).
  5099 | D:7      | 5099 ||| SHOPLISTING ring of fire (300 gold, have 287).
  5099 | D:7      | 5099 ||| SHOPLISTING ring of ice (300 gold, have 287).
  5143 | D:7      | Found a shimmering blue altar of Sif Muna.
  5178 | D:7      | Found a shimmering altar of Xom.
  5205 | D:7      | 5205 ||| Stepping ~*~*~tactically~*~*~ (cloud).
  5824 | D:7      | Found the +2 ratskin cloak {*Rats rPois rN+ Str-1 Int-1
                  | Dex+1}
  5831 | D:7      | 5831 ||| UPGRADING to +2 ratskin cloak {*Rats rPois rN+
                  | Str-1 Int-1 Dex+1}.
  5841 | D:7      | 5841 ||| DROPPING +0 cloak.
  5842 | D:7      | 5842 ||| READING scroll labelled ITUSICYAVATE.
  5843 | D:7      | 5843 ||| READING scroll labelled ARENABU VEGG.
  5944 | D:7      | 5944 ||| DRINKING 2 metallic cyan potions.
  5944 | D:7      | Gained mutation: Your magical capacity is low. (-10% MP)
                  | [potion of mutation]
  5944 | D:7      | Gained mutation: You possess an exceptional clarity of
                  | mind. [potion of mutation]
  5944 | D:7      | Gained mutation: Your muscles are strong. (Str +4, Int/Dex
                  | -1) [potion of mutation]
  6162 | D:8      | Found a large runed translucent door.
  6164 | D:8      | Found a large runed translucent door.
  6176 | D:8      | Reached * piety under Okawaru
  6179 | D:8      | Noticed a tengu warrior
  6179 | D:8      | Noticed a centaur warrior
  6206 | D:8      | 6206 ||| INVOKING Heroism.
  6208 | D:8      | Reached skill level 1 in Invocations
  6216 | D:8      | 6216 ||| INVOKING Heroism.
  6220 | D:8      | 6220 ||| Stepping ~*~*~tactically~*~*~ (retreating).
  6223 | D:8      | 6223 ||| Stepping ~*~*~tactically~*~*~ (retreating).
  6224 | D:8      | 6224 ||| Stepping ~*~*~tactically~*~*~ (retreating).
  6225 | D:8      | 6225 ||| Stepping ~*~*~tactically~*~*~ (retreating).
  6226 | D:8      | 6226 ||| Stepping ~*~*~tactically~*~*~ (retreating).
  6227 | D:8      | 6227 ||| Stepping ~*~*~tactically~*~*~ (retreating).
  6228 | D:8      | 6228 ||| Stepping ~*~*~tactically~*~*~ (retreating).
  6234 | D:8      | 6234 ||| INVOKING Heroism.
  6239 | D:8      | Reached skill level 11 in Ranged Weapons
  6248 | D:8      | 6248 ||| FLEEEEING.
  6251 | D:8      | 6251 ||| FLEEEEING.
  6252 | D:8      | 6252 ||| FLEEEEING.
  6253 | D:8      | 6253 ||| FLEEEEING.
  6257 | D:8      | 6257 ||| FLEEEEING.
  6258 | D:8      | 6258 ||| FLEEEEING.
  6263 | D:8      | 6263 ||| STAIRDANCE
  6422 | D:8      | Reached skill level 3 in Invocations
  6501 | D:8      | 6501 ||| RETREATING.
  6517 | D:8      | Reached XP level 10. HP: 62/64 MP: 10/11
  6523 | D:8      | 6523 ||| INVOKING Heroism.
  6631 | D:8      | Reached ** piety under Okawaru
  6680 | D:8      | Found a large runed translucent door.
  6680 | D:8      | Found a large runed translucent door.
  6708 | D:8      | 6708 ||| INVOKING Heroism.
  6714 | D:8      | 6714 ||| Stepping ~*~*~tactically~*~*~ (outnumbered).
  6720 | D:8      | Noticed a two-headed ogre
  6721 | D:8      | 6721 ||| INVOKING Heroism.
  6725 | D:8      | Killed a two-headed ogre
  6726 | D:8      | Reached skill level 12 in Ranged Weapons
  6754 | D:8      | 6754 ||| SWAPPING to +2 heavy orcbow.
  6755 | D:8      | 6755 ||| DROPPING +2 heavy sling.
  6880 | D:8      | 6880 ||| INVOKING Heroism.
  6899 | D:8      | Found a staircase to the Lair.
  7154 | D:8      | Reached *** piety under Okawaru
  7187 | D:8      | Reached skill level 13 in Ranged Weapons
  7225 | D:8      | 7225 ||| PLANNING LAIR
  7225 | D:8      | 7225 ||| UPGRADING to +0 steam dragon scales.
  7235 | D:8      | 7235 ||| DROPPING +0 ring mail.
  7236 | D:8      | 7236 ||| UPGRADING to +2 robe of cold resistance.
  7246 | D:8      | 7246 ||| DROPPING +0 leather armour of willpower.
  7247 | D:8      | 7247 ||| DROPPING amulet of guardian spirit.
  7248 | D:8      | 7248 ||| DRINKING 3 fuming clear potions.
  7249 | D:8      | 7249 ||| DROPPING 2 potions of brilliance.
  7285 | Lair:1   | Entered Level 1 of the Lair of Beasts
  7322 | Lair:1   | 7322 ||| INVOKING Heroism.
  7346 | Lair:1   | 7346 ||| INVOKING Heroism.
  7348 | Lair:1   | Reached skill level 9 in Fighting
  7351 | Lair:1   | Reached XP level 11. HP: 69/71 MP: 9/12
  7352 | Lair:1   | Noticed a five-headed hydra
  7358 | Lair:1   | Killed a five-headed hydra
  7367 | Lair:1   | 7367 ||| INVOKING Heroism.
  7368 | Lair:1   | HP: 16/71 [cane toad (10)]
  7369 | Lair:1   | 7369 ||| READING 2 scrolls of teleportation.
  7370 | Lair:1   | 7370 ||| DRINKING 3 potions of heal wounds.
  7466 | Lair:1   | 7466 ||| INVOKING Heroism.
  7467 | Lair:1   | 7467 ||| RETREATING.
  7479 | Lair:1   | 7479 ||| INVOKING Heroism.
  7481 | Lair:1   | Reached skill level 14 in Ranged Weapons
  7547 | Lair:1   | 7547 ||| INVOKING Heroism.
  7587 | Lair:1   | 7587 ||| INVOKING Heroism.
  7609 | Lair:1   | 7609 ||| INVOKING Heroism.
  7627 | Lair:1   | Noticed Jeremiah
  7640 | Lair:1   | 7640 ||| READING 2 scrolls of identify.
  7640 | Lair:1   | 7640 ||| IDENTIFYING clear potion
  7647 | Lair:1   | 7647 ||| INVOKING Heroism.
  7653 | Lair:1   | 7653 ||| DROPPING potion of lignification.
  7660 | Lair:1   | HP: 18/72 [Jeremiah/divine providence (15)]
  7661 | Lair:1   | 7661 ||| READING 2 scrolls of teleportation.
  7662 | Lair:1   | 7662 ||| DRINKING 2 potions of heal wounds.
  7664 | Lair:1   | 7664 ||| INVOKING Heroism.
  7759 | Lair:1   | Identified the +0 robe "Lyfedd" {Dex+3 SInv}
  7887 | Lair:1   | Killed Jeremiah
  7929 | Lair:1   | 7929 ||| RETREATING.
  7953 | Lair:1   | 7953 ||| Stepping ~*~*~tactically~*~*~ (retreating).
  7959 | Lair:1   | 7959 ||| INVOKING Heroism.
  8096 | Lair:1   | 8096 ||| INVOKING Heroism.
  8197 | Lair:1   | 8197 ||| UPGRADING to +0 robe "Lyfedd" {Dex+3 SInv}.
  8207 | Lair:1   | 8207 ||| DROPPING +2 robe of cold resistance.
  8239 | Lair:2   | 8239 ||| Stepping ~*~*~tactically~*~*~ (retreating).
  8242 | Lair:2   | 8242 ||| Stepping ~*~*~tactically~*~*~ (retreating).
  8243 | Lair:2   | 8243 ||| Stepping ~*~*~tactically~*~*~ (retreating).
  8244 | Lair:2   | 8244 ||| Stepping ~*~*~tactically~*~*~ (retreating).
  8246 | Lair:2   | 8246 ||| Stepping ~*~*~tactically~*~*~ (retreating).
  8247 | Lair:2   | 8247 ||| Stepping ~*~*~tactically~*~*~ (retreating).
  8248 | Lair:2   | 8248 ||| Stepping ~*~*~tactically~*~*~ (retreating).
  8253 | Lair:2   | Reached **** piety under Okawaru
  8255 | Lair:2   | 8255 ||| INVOKING Heroism.
  8277 | Lair:2   | 8277 ||| INVOKING Heroism.
  8358 | Lair:2   | Found a hole to the Spider Nest.
  8378 | Lair:2   | Found a dark tunnel.
  8394 | Lair:2   | 8394 ||| RETREATING.
  8418 | Lair:2   | Reached XP level 12. HP: 77/77 MP: 14/14
  8422 | Lair:2   | Reached skill level 15 in Ranged Weapons
  8465 | Lair:2   | Noticed a six-headed hydra
  8466 | Lair:2   | 8466 ||| INVOKING Heroism.
  8467 | Lair:2   | Noticed Sonja
  8468 | Lair:2   | 8468 ||| RETREATING.
  8487 | Lair:2   | Killed a six-headed hydra
  8500 | Lair:2   | 8500 ||| INVOKING Heroism.
  8503 | Lair:2   | Killed Sonja
  8504 | Lair:2   | Reached skill level 6 in Invocations
  8846 | Lair:2   | Noticed a catoblepas
  8847 | Lair:2   | 8847 ||| INVOKING Heroism.
  8854 | Lair:2   | Killed a catoblepas
  9085 | Lair:2   | Noticed a skyshark
  9095 | Lair:2   | Killed a skyshark
  9312 | Lair:2   | 9312 ||| Stepping ~*~*~tactically~*~*~ (water).
  9314 | Lair:2   | 9314 ||| Stepping ~*~*~tactically~*~*~ (water).
  9316 | Lair:2   | 9316 ||| Stepping ~*~*~tactically~*~*~ (water).
  9318 | Lair:2   | 9318 ||| Stepping ~*~*~tactically~*~*~ (water).
  9320 | Lair:2   | 9320 ||| Stepping ~*~*~tactically~*~*~ (water).
  9322 | Lair:2   | 9322 ||| Stepping ~*~*~tactically~*~*~ (water).
  9328 | Lair:2   | 9328 ||| Stepping ~*~*~tactically~*~*~ (water).
  9358 | Lair:2   | Found a staircase to the Shoals.
  9461 | Lair:2   | 9461 ||| UPGRADING to +6 ring of strength.
  9462 | Lair:2   | 9462 ||| READING 3 scrolls labelled PENKEA FEUCUNT.
  9463 | Lair:2   | 9463 ||| READING scroll labelled LIMEGOGOUZ.
  9489 | Lair:3   | Reached skill level 6 in Dodging
  9528 | Lair:3   | 9528 ||| INVOKING Heroism.
  9557 | Lair:3   | 9557 ||| RETREATING.
  9568 | Lair:3   | HP: 18/77 [komodo dragon (12)]
  9569 | Lair:3   | 9569 ||| READING 2 scrolls of teleportation.
  9569 | Lair:3   | HP: 7/77 [komodo dragon (11)]
  9570 | Lair:3   | 9570 ||| DRINKING potion of heal wounds.
  9573 | Lair:3   | 9573 ||| READING scroll of teleportation.
  9574 | Lair:3   | 9574 ||| INVOKING Heroism.
  9575 | Lair:3   | HP: 11/77 [rime drake/icy flash freeze (9)]
  9785 | Lair:3   | 9785 ||| INVOKING Heroism.
  9821 | Lair:3   | 9821 ||| Stepping ~*~*~tactically~*~*~ (water).
  9823 | Lair:3   | 9823 ||| Stepping ~*~*~tactically~*~*~ (water).
  9825 | Lair:3   | 9825 ||| Stepping ~*~*~tactically~*~*~ (water).
  9827 | Lair:3   | 9827 ||| Stepping ~*~*~tactically~*~*~ (water).
  9888 | Lair:3   | 9888 ||| INVOKING Heroism.
 10056 | Lair:3   | Noticed Amaemon
 10057 | Lair:3   | 10057 ||| RETREATING.
 10060 | Lair:3   | 10060 ||| Stepping ~*~*~tactically~*~*~ (retreating).
 10061 | Lair:3   | 10061 ||| Stepping ~*~*~tactically~*~*~ (retreating).
 10062 | Lair:3   | 10062 ||| Stepping ~*~*~tactically~*~*~ (retreating).
 10063 | Lair:3   | 10063 ||| Stepping ~*~*~tactically~*~*~ (retreating).
 10064 | Lair:3   | 10064 ||| Stepping ~*~*~tactically~*~*~ (retreating).
 10065 | Lair:3   | 10065 ||| Stepping ~*~*~tactically~*~*~ (retreating).
 10066 | Lair:3   | 10066 ||| Stepping ~*~*~tactically~*~*~ (retreating).
 10067 | Lair:3   | 10067 ||| Stepping ~*~*~tactically~*~*~ (retreating).
 10068 | Lair:3   | 10068 ||| Stepping ~*~*~tactically~*~*~ (retreating).
 10069 | Lair:3   | 10069 ||| INVOKING Heroism.
 10073 | Lair:3   | HP: 15/77 [rime drake/icy flash freeze (11)]
 10078 | Lair:3   | HP: 13/77 [scorpion[Amaemon] (4)]
 10079 | Lair:3   | HP: 6/77 [Amaemon/+0 demon whip of venom (7)]
 10082 | Lair:3   | Killed Amaemon
 10448 | Lair:3   | Reached skill level 9 in Invocations
 10734 | Lair:3   | 10734 ||| RETREATING.
 10742 | Lair:3   | 10742 ||| Stepping ~*~*~tactically~*~*~ (retreating).
 10751 | Lair:3   | 10751 ||| Stepping ~*~*~tactically~*~*~ (retreating).
 10752 | Lair:3   | 10752 ||| Stepping ~*~*~tactically~*~*~ (retreating).
 10753 | Lair:3   | 10753 ||| Stepping ~*~*~tactically~*~*~ (retreating).
 10754 | Lair:3   | 10754 ||| Stepping ~*~*~tactically~*~*~ (retreating).
 10755 | Lair:3   | 10755 ||| Stepping ~*~*~tactically~*~*~ (retreating).
 10757 | Lair:3   | 10757 ||| Stepping ~*~*~tactically~*~*~ (retreating).
 10758 | Lair:3   | 10758 ||| INVOKING Heroism.
 10773 | Lair:3   | Received a gift from Okawaru
 10774 | Lair:3   | Reached XP level 13. HP: 68/82 MP: 16/18
 11003 | Lair:3   | 11003 ||| DROPPING scarf of invisibility.
 11004 | Lair:3   | 11004 ||| DROPPING ring of magical power.
 11005 | Lair:3   | 11005 ||| DROPPING ring of wizardry.
 11006 | Lair:3   | 11006 ||| READING scroll labelled ORIUVA PEAS.
 11050 | Lair:3   | 11050 ||| READING 3 scrolls of identify.
 11050 | Lair:3   | 11050 ||| IDENTIFYING lumpy emerald potion
 11051 | Lair:3   | 11051 ||| READING 2 scrolls of identify.
 11051 | Lair:3   | 11051 ||| IDENTIFYING lumpy white potion
 11052 | Lair:3   | 11052 ||| DROPPING potion of ambrosia.
 11086 | Lair:4   | 11086 ||| INVOKING Heroism.
 11088 | Lair:4   | 11088 ||| STAIRDANCE
 11155 | Lair:4   | 11155 ||| INVOKING Heroism.
 11163 | Lair:4   | Reached skill level 16 in Ranged Weapons
 11179 | Lair:4   | 11179 ||| RETREATING.
 11186 | Lair:4   | 11186 ||| Stepping ~*~*~tactically~*~*~ (outnumbered).
 11187 | Lair:4   | 11187 ||| RETREATING.
 11237 | Lair:4   | Found a viscous altar of Jiyva.
 11237 | Lair:4   | Found a staircase to the Slime Pits.
 11249 | Lair:4   | Reached ***** piety under Okawaru
 11296 | Lair:4   | 11296 ||| INVOKING Heroism.
 11299 | Lair:4   | Noticed Nessos
 11300 | Lair:4   | 11300 ||| RETREATING.
 11305 | Lair:4   | 11305 ||| INVOKING Finesse.
 11309 | Lair:4   | Killed Nessos
 11478 | Lair:4   | 11478 ||| SWAPPING to +1 longbow of flaming.
 11479 | Lair:4   | 11479 ||| DROPPING +2 heavy orcbow.
 11480 | Lair:4   | 11480 ||| READING 2 scrolls of brand weapon.
 11480 | Lair:4   | 11480 ||| BRANDING +1 longbow of flaming.
 11481 | Lair:4   | 11481 ||| READING scroll of brand weapon.
 11481 | Lair:4   | 11481 ||| BRANDING +1 longbow of electrocution.
 11483 | Lair:4   | Identified the +1 robe of Nierchi {Str+8 Int-5 Stlth+}
 11490 | Lair:4   | Found an opulent altar of Gozag.
 11601 | Lair:4   | 11601 ||| RETREATING.
 11605 | Lair:4   | 11605 ||| Stepping ~*~*~tactically~*~*~ (retreating).
 11606 | Lair:4   | 11606 ||| Stepping ~*~*~tactically~*~*~ (retreating).
 11607 | Lair:4   | 11607 ||| Stepping ~*~*~tactically~*~*~ (retreating).
 12019 | Lair:4   | 12019 ||| INVOKING Heroism.
 12209 | Lair:4   | 12209 ||| INVOKING Heroism.
 12219 | Lair:4   | Reached skill level 17 in Ranged Weapons
 12225 | Lair:4   | Identified the +1 steam dragon scales of Surprise {Int-4
                  | Dex+4} (Okawaru gifted it to you on level 4 of the Lair of
                  | Beasts)
 12225 | Lair:4   | Received a gift from Okawaru
 12227 | Lair:4   | 12227 ||| INVOKING Finesse.
 12318 | Lair:4   | 12318 ||| INVOKING Heroism.
 12361 | Lair:4   | 12361 ||| INVOKING Heroism.
 12517 | Lair:4   | 12517 ||| INVOKING Heroism.
 12571 | Lair:4   | Identified the +10 great sword of Xooc {flame, rCorr}
 12573 | Lair:4   | 12573 ||| INVOKING Heroism.
 12664 | Lair:4   | 12664 ||| RETREATING.
 12665 | Lair:4   | 12665 ||| INVOKING Heroism.
 12669 | Lair:4   | 12669 ||| Stepping ~*~*~tactically~*~*~ (retreating).
 12670 | Lair:4   | 12670 ||| Stepping ~*~*~tactically~*~*~ (retreating).
 12680 | Lair:4   | Gained mutation: Your large and strong wings let you fly.
                  | [Gargoyle growth]
 12680 | Lair:4   | Reached XP level 14. HP: 74/90 MP: 17/19
 12694 | Lair:4   | Reached skill level 18 in Ranged Weapons
 12983 | Lair:4   | 12983 ||| INVOKING Heroism.
 13086 | Lair:4   | Identified the +0 plate armour "Quimunax" {rElec rC- Str-4
                  | Dex+6 Stlth+}
 13176 | Lair:4   | 13176 ||| INVOKING Heroism.
 13309 | Lair:4   | Identified the staff "Uraxoisa" {rF+ Str+2 Dex-4 SInv Conj}
 13439 | Lair:4   | 13439 ||| DROPPING +0 steam dragon scales.
 13440 | Lair:4   | 13440 ||| DROPPING +2 leather armour of cold resistance.
 13441 | Lair:4   | 13441 ||| DROPPING +1 robe of Nierchi {Str+8 Int-5 Stlth+}.
 13442 | Lair:4   | 13442 ||| DROPPING +2 robe of fire resistance.
 13443 | Lair:4   | 13443 ||| DROPPING +0 acid dragon scales.
 13444 | Lair:4   | 13444 ||| READING 3 scrolls of identify.
 13444 | Lair:4   | 13444 ||| IDENTIFYING amethyst potion
 13445 | Lair:4   | 13445 ||| READING 2 scrolls of identify.
 13445 | Lair:4   | 13445 ||| IDENTIFYING viscous clear potion
 13484 | Lair:5   | Entered Level 5 of the Lair of Beasts
 13485 | Lair:5   | 13485 ||| INVOKING Heroism.
 13497 | Lair:5   | 13497 ||| STAIRDANCE
 13504 | Lair:4   | Reached skill level 12 in Fighting
 13567 | Lair:5   | Received a gift from Okawaru
 13590 | Lair:5   | 13590 ||| RETREATING.
 13740 | Lair:5   | 13740 ||| Stepping ~*~*~tactically~*~*~ (cloud).
 13826 | Lair:5   | 13826 ||| INVOKING Heroism.
 13831 | Lair:5   | 13831 ||| RETREATING.
 13842 | Lair:5   | 13842 ||| INVOKING Finesse.
 13854 | Lair:5   | 13854 ||| INVOKING Heroism.
 14006 | Lair:5   | 14006 ||| RETREATING.
 14007 | Lair:5   | 14007 ||| INVOKING Heroism.
 14015 | Lair:5   | 14015 ||| Stepping ~*~*~tactically~*~*~ (retreating).
 14019 | Lair:5   | 14019 ||| INVOKING Finesse.
 14033 | Lair:5   | Reached skill level 19 in Ranged Weapons
 14142 | Lair:5   | 14142 ||| INVOKING Heroism.
 14303 | Lair:5   | 14303 ||| INVOKING Heroism.
 14308 | Lair:5   | 14308 ||| INVOKING Finesse.
 14375 | Lair:5   | Identified the +1 chain mail of Impressiveness {Str+5}
 14605 | Lair:5   | 14605 ||| PLANNING D:1-11
 14605 | Lair:5   | 14605 ||| UPGRADING to amulet of reflection.
 14610 | Lair:5   | 14610 ||| READING 5 scrolls of identify.
 14610 | Lair:5   | 14610 ||| IDENTIFYING viscous yellow potion
 14842 | D:9      | Found a runed translucent door.
 14975 | D:9      | 14975 ||| RETREATING.
 14985 | D:9      | 14985 ||| FLEEEEING.
 15004 | D:9      | 15004 ||| INVOKING Heroism.
 15124 | D:9      | Found a staircase to the Orcish Mines.
 15203 | D:9      | Reached XP level 15. HP: 98/98 MP: 20/20
 15239 | D:9      | Noticed Maggie
 15250 | D:9      | Killed Maggie
 15274 | D:9      | 15274 ||| INVOKING Heroism.
 15597 | D:9      | Noticed qw's ghost (novice GrFi)
 15699 | D:9      | 15699 ||| UPGRADING to +1 helmet.
 15709 | D:9      | 15709 ||| DROPPING +0 helmet.
 15710 | D:9      | 15710 ||| READING 4 scrolls of identify.
 15710 | D:9      | 15710 ||| IDENTIFYING dark potion
 15718 | D:10     | Entered Level 10 of the Dungeon
 15747 | D:10     | Received a gift from Okawaru
 15749 | D:10     | 15749 ||| SWAPPING to +6 heavy hand cannon.
 15750 | D:10     | 15750 ||| DROPPING +1 longbow of freezing.
 15866 | D:10     | Identified the +4 dagger "Bumytunupp" {vamp, Dex+3}
 16407 | D:10     | 16407 ||| READING 2 scrolls labelled APHEH DEOMUO.
 16408 | D:10     | 16408 ||| READING scroll of enchant weapon.
 16408 | D:10     | 16408 ||| ENCHANTING +6 heavy hand cannon.
 16920 | D:11     | 16920 ||| PLANNING D
 16920 | D:11     | 16920 ||| READING 7 scrolls of identify.
 16920 | D:11     | 16920 ||| IDENTIFYING grey potion
 16921 | D:11     | 16921 ||| DRINKING potion of experience.
 16921 | D:11     | Reached skill level 20 in Ranged Weapons
 16921 | D:11     | Reached XP level 16. HP: 104/104 MP: 21/21
 16922 | D:11     | 16922 ||| UPGRADING to +1 steam dragon scales of Surprise
                  | {Int-4 Dex+4}.
 16932 | D:11     | 16932 ||| DROPPING +0 robe "Lyfedd" {Dex+3 SInv}.
 16933 | D:11     | 16933 ||| READING 6 scrolls of identify.
 16933 | D:11     | 16933 ||| IDENTIFYING silvery potion
 16934 | D:11     | 16934 ||| DROPPING potion of berserk rage.
 17092 | D:12     | 17092 ||| READING scroll of enchant weapon.
 17092 | D:12     | 17092 ||| ENCHANTING +7 heavy hand cannon.
 17148 | D:12     | Reached skill level 6 in Armour
 17222 | D:12     | Found a frozen archway.
 17773 | D:12     | 17773 ||| READING 2 scrolls labelled YQIBUN WIULO.
 17774 | D:12     | 17774 ||| DROPPING scroll of summoning.
 17821 | D:13     | Found a gate to the Vaults.
 18096 | D:13     | Found a stormy altar of Qazlal.
 18117 | D:13     | 18117 ||| READING 7 scrolls of teleportation.
 18118 | D:13     | 18118 ||| FLEEEEING.
 18119 | D:13     | 18119 ||| FLEEEEING.
 18174 | D:13     | 18174 ||| Stepping ~*~*~tactically~*~*~ (outnumbered).
 18177 | D:13     | 18177 ||| Stepping ~*~*~tactically~*~*~ (outnumbered).
 18179 | D:13     | 18179 ||| Stepping ~*~*~tactically~*~*~ (outnumbered).
 18186 | D:13     | Identified the scarf "Gianoat" {+Inv, rF+} (Okawaru gifted
                  | it to you on level 13 of the Dungeon)
 18186 | D:13     | Received a gift from Okawaru
 18292 | D:13     | 18292 ||| INVOKING Heroism.
 18303 | D:13     | Reached skill level 9 in Dodging
 18506 | D:14     | 18506 ||| INVOKING Heroism.
 18843 | D:14     | 18843 ||| FLEEEEING.
 18844 | D:14     | 18844 ||| FLEEEEING.
 18849 | D:14     | 18849 ||| Stepping ~*~*~tactically~*~*~ (retreating).
 18850 | D:14     | 18850 ||| Stepping ~*~*~tactically~*~*~ (retreating).
 18851 | D:14     | 18851 ||| Stepping ~*~*~tactically~*~*~ (retreating).
 18852 | D:14     | 18852 ||| Stepping ~*~*~tactically~*~*~ (retreating).
 18854 | D:14     | 18854 ||| Stepping ~*~*~tactically~*~*~ (retreating).
 18855 | D:14     | 18855 ||| Stepping ~*~*~tactically~*~*~ (retreating).
 18863 | D:14     | Noticed a lich
 18863 | D:14     | 18863 ||| INVOKING Heroism.
 18864 | D:14     | 18864 ||| INVOKING Finesse.
 18870 | D:14     | Killed a lich
 18878 | D:14     | 18878 ||| Stepping ~*~*~tactically~*~*~ (retreating).
 18879 | D:14     | 18879 ||| Stepping ~*~*~tactically~*~*~ (retreating).
 18880 | D:14     | 18880 ||| Stepping ~*~*~tactically~*~*~ (retreating).
 18881 | D:14     | 18881 ||| Stepping ~*~*~tactically~*~*~ (retreating).
 18881 | D:14     | HP: 5/105 [deep elf sorcerer/bolt of acid (35)]
 18881 | D:14     | Mangled by a meliai simulacrum

Levels and vault maps discovered:
D:1:      dpeg_arrival_erosion, layout_basic, minmay_misc_feat_alley,
          minmay_fountain_box
D:2:      minmay_chambers_of_ones, layout_loops_corners, uniq_robin,
          uniq_crazy_yiuf_cottage
D:3:      layout_loops_ring, uniq_ijyb
D:4:      kennysheep_the_goblin_king, layout_basic
D:5:      layout_loops_ring, uniq_edmund
D:6:      layout_rooms, kennysheep_mini, minmay_temple_entry_proselytizer,
          uniq_blork_the_orc
D:7:      wander_guarded_unrand_ratskin, layout_layer_cave,
          mainiacjoe_overflow_surrounded_room, mainiacjoe_overflow_tiny_flanked,
          serial_shops, nicolae_shop_real_fake_doors
D:8:      layout_rooms, erik_lair_orcish_takeover, minivault_21,
          minmay_hollow_rounded_squares
D:9:      layout_basic, erik_orc_1, ebering_ghost_reflecting_pool, serial_ice,
          serial_ice_i, serial_ice_h, serial_ice_g, serial_ice_m, uniq_maggie
D:10:     layout_long_grid
D:11:     layout_loops_cross, nicolae_twisty_statue_hallways
D:12:     layout_rooms, portal_ice_cave_rime, hangedman_parallel_progression
D:13:     layout_roguey, hellmonk_vaults_order_and_chaos, grunt_qazlal_clouds
D:14:     minmay_the_grid_net [minmay_the_grid_tri_star, minmay_the_grid_mess,
          minmay_the_grid_all_tris, minmay_the_grid_dragon_b,
          minmay_the_grid_empty, minmay_the_grid_prize_four_corners_diamond_b],
          layout_layer_cave, uniq_jorgrun
Temple:   hellmonk_temple_divided_pantheon
Lair:1:   layout_gridlike, uniq_jeremiah
Lair:2:   layout_gridlike, elwin_shoals_entry_rooms, spider_nest_entry_rubble,
          nicolae_volcano_entry_two_sided, serial_bayou_pond_d, uniq_sonja
Lair:3:   layout_layer_cave, serial_bayou_shore_a, uniq_amaemon, uniq_urug
Lair:4:   nzn_winding_woodlands_huge [nzn_winding_woodlands_5x15_default,
          nzn_winding_woodlands_5x15_pool, nzn_winding_woodlands_5x15_default,
          nzn_winding_woodlands_5x15_jagged, nzn_winding_woodlands_5x15_default,
          nzn_winding_woodlands_5x15_zeroes, nzn_winding_woodlands_5x15_eye,
          nzn_winding_woodlands_5x15_twine, nzn_winding_woodlands_5x15_pockets,
          nzn_winding_woodlands_5x15_split_checker,
          nzn_winding_woodlands_center_lodge,
          nzn_winding_woodlands_center_diamonds,
          nzn_winding_woodlands_15x15_boxy_spiral], layout_long_grid,
          slime_entry_1, basic_altar, kennysheep_basilisk_garden,
          serial_bayou_shore_b, uniq_nessos
Lair:5:   gammafunk_lair_ancient_temple, layout_loops_ring, minivault_23,
          chequers_serial_rivers_room_a

Skill      XL: |  1  2  3  4  5  6  7  8  9 10 11 12 13 14 15 16 |
---------------+-------------------------------------------------+-----
Armour         | 1 2 3 4 5 8 |  8.1
Ranged Weapons | 5 6 8 9 11 13 14 15 17 19 20 | 20.2
Fighting       | 3 4 5 6 7 9 10 11 13 | 13.8
Dodging        | 2 3 4 5 6 7 8 9 |  9.0
Invocations    | 4 5 9 10 | 10.0
Stealth        | |  1.1

Action                     |  1- 3 |  4- 6 |  7- 9 | 10-12 | 13-15 | 16-18 || total
---------------------------+-------+-------+-------+-------+-------+-------++-------
   Fire: Shortbow          |    78 |       |       |       |       |       ||    78
         Sling             |     3 |   112 |   395 |    29 |       |       ||   539
         Orcbow            |       |       |       |   419 |    63 |       ||   482
         Longbow           |       |       |       |       |   669 |       ||   669
         Hand cannon       |       |       |       |       |    28 |   207 ||   235
 Invoke: Heroism           |       |       |     3 |    27 |    20 |     3 ||    53
         Finesse           |       |       |       |       |     5 |     1 ||     6
    Use: Scroll            |     2 |     4 |    10 |     7 |    12 |     4 ||    39
         Potion            |     2 |     2 |     3 |     4 |     1 |       ||    12
 Armour: Leather armour    |     8 |       |   105 |    35 |       |       ||   148
         Ring mail         |    21 |    49 |    69 |       |       |       ||   139
         Robe              |       |       |       |   213 |   153 |       ||   366
         Steam dragon scal |       |       |       |       |       |   123 ||   123
  Dodge: Dodged            |    24 |    42 |   183 |   309 |   166 |   189 ||   913
  Block: Other             |       |       |       |       |     8 |    47 ||    55
         Reflection        |       |       |       |       |     1 |     1 ||     2

Table legend:
 A = Non-vault XP
 B = Vault XP
 C = Vault XP percentage of total XP
 D = Non-vault monster count
 E = Vault monster count
 F = Vault count percentage of total count
                 A         B        C        D         E       F
            +---------+---------+-------+---------+---------+-------
      Total |   74758 |   45419 |  37.8 |     355 |     229 |  39.2
            +---------+---------+-------+---------+---------+-------
        D:1 |      24 |       0 |   0.0 |      15 |       0 |   0.0
        D:2 |      56 |      61 |  52.1 |      11 |      16 |  59.3
        D:3 |      60 |      36 |  37.5 |      20 |       1 |   4.8
        D:4 |     477 |      13 |   2.7 |      20 |       7 |  25.9
        D:5 |     803 |     162 |  16.8 |      18 |       1 |   5.3
        D:6 |     452 |     140 |  23.6 |       7 |       2 |  22.2
        D:7 |     356 |     432 |  54.8 |       4 |      24 |  85.7
        D:8 |    2664 |    2748 |  50.8 |      40 |      20 |  33.3
        D:9 |    2472 |    2394 |  49.2 |      23 |      31 |  57.4
       D:10 |    2213 |       0 |   0.0 |       8 |       0 |   0.0
       D:11 |    2339 |       0 |   0.0 |       7 |       0 |   0.0
       D:12 |    4915 |    4972 |  50.3 |      13 |      50 |  79.4
       D:13 |    9124 |    1822 |  16.6 |      24 |       2 |   7.7
       D:14 |    1289 |    5046 |  79.7 |       3 |       6 |  66.7
     Lair:1 |    6588 |     400 |   5.7 |      23 |       1 |   4.2
     Lair:2 |    7451 |    1244 |  14.3 |      31 |       3 |   8.8
     Lair:3 |    7133 |    1309 |  15.5 |      24 |       3 |  11.1
     Lair:4 |   12035 |   16845 |  58.3 |      32 |      41 |  56.2
     Lair:5 |   14307 |    7795 |  35.3 |      32 |      21 |  39.6
            +---------+---------+-------+---------+---------+-------
